 Dungeon Crawl Stone Soup version 0.29-a0-234-g0dae59b3db (webtiles) character file.

Game seed: 14653778105123879018

141 shoop the Shooter (level 5, -1/29 HPs)
             Began as a Deep Elf Arcane Marksman on Mar 3, 2022.
             Slain by an orc
             ... wielding a +0 war axe
              (7 damage)
             ... on level 3 of the Dungeon.
             The game lasted 00:05:20 (2480 turns).

shoop the Shooter (Deep Elf Arcane Marksman)        Turns: 2480, Time: 00:05:21

Health: -1/29      AC:  4    Str:  7    XL:     5   Next: 3%
Magic:  9/10       EV: 13    Int: 20    God:
Gold:   59         SH:  0    Dex: 15    Spells: 4/8 levels left

rFire   . . .      SeeInvis .   a - +0 shortbow
rCold   . . .      Faith    .   (shield currently unavailable)
rNeg    . . .      Spirit   .   b - +0 robe
rPois   .          Reflect  .   m - +0 helmet
rElec   .          Harm     .   e - +0 cloak
rCorr   .          Rampage  .   (no gloves)
Will    +....                   (no boots)
Stlth   ++........              (no amulet)
HPRegen 0.09/turn               p - ring of willpower
MPRegen 0.12/turn               (no ring)

@: no status effects
A: no striking features
a: no special abilities


You were on level 3 of the Dungeon.
You visited 1 branch of the dungeon, and saw 3 of its levels.

You collected 59 gold pieces.

Inventory:

Hand Weapons
 a - a +0 shortbow (weapon)
Armour
 b - a +0 robe (worn)
 e - a +0 cloak (worn)
 m - a +0 helmet (worn)
Jewellery
 p - a ring of willpower (left hand)
Scrolls
 c - a scroll of enchant weapon {unknown}
 d - a scroll of identify {unknown}
 g - 2 scrolls of enchant armour {unknown}
 h - 3 scrolls of immolation
 i - a scroll of vulnerability {unknown}
 n - a scroll of amnesia {unknown}
 o - a scroll of blinking {unknown}
Potions
 f - a potion of curing {unknown}
 j - a potion of might
 k - a potion of haste {unknown}
 l - a potion of ambrosia {unknown}


   Skills:
 - Level 1.0 Fighting
 * Level 4.4 Bows
 - Level 3.0 Dodging
 - Level 3.0 Stealth
 + Level 2.1 Spellcasting
 * Level 4.3 Hexes
 + Level 2.0 Fire Magic


You had 4 spell levels left.
You knew the following spells:

 Your Spells              Type           Power      Damage    Failure   Level
a - Slow                  Hex            76%        N/A       2%          1
c - Inner Flame           Hex/Fire       14%        N/A       13%         3

Your spell library contained the following spells:

 Spells                   Type           Power      Damage    Failure   Level
 Ensorcelled Hibernation  Hex/Ice        20%        N/A       10%         2
 Apportation              Tloc           4%         N/A       16%         1
 Sting                    Tmut/Pois      8%         1d3       16%         1
 Portal Projectile        Hex/Tloc       20%        N/A       19%         3
 Poisonous Vapours        Pois/Air       4%         N/A       24%         2
 Cause Fear               Hex            9%         N/A       26%         4
 Spider Form              Tmut/Pois      2%         N/A       43%         3
 Anguish                  Hex/Necr       5%         N/A       54%         4
 Olgreb's Toxic Radiance  Pois           2%         N/A       83%         4
 Alistair's Intoxication  Tmut/Pois      1%         N/A       99%         5


Dungeon Overview and Level Annotations

Branches:
Dungeon (3/15)

Altars:

Annotations:
D:2 1 runed translucent door, Crazy Yiuf


Message History

Press: ? - help, Shift-Dir - straight line, f - adder
Aim: an adder (asleep, chance to affect: 67%)
The adder hisses angrily.
The adder seems to slow down.
You shoot an arrow. The arrow hits the adder.
The adder is heavily wounded.
You shoot an arrow. The arrow misses the adder.
You shoot an arrow. The arrow hits the adder.
You kill the adder!
You have reached level 5!
Magic restored.
You see here an adder corpse.
An orc comes into view. It is wielding a +0 war axe.
The orc shouts!
You hear a shout!
You shoot an arrow.
The arrow hits the orc but does no damage.
An orc comes into view. It is wielding a +0 club.
An orc priest comes into view. It is wielding a +0 flail.
You shoot an arrow. The arrow barely misses the orc.
The orc priest shouts!
You shoot an arrow. The arrow completely misses the orc.
The orc priest calls down the wrath of Beogh upon you.
Beogh smites you!
An orc comes into view. It is wielding a +4 hand axe of venom.
A ball python comes into view.
The orc shouts!
You see here an adder corpse.
The orc priest calls down the wrath of Beogh upon you.
Beogh smites you!
* * * LOW HITPOINT WARNING * * *
You hear an angry hiss.
You open the door.
There is an open door here.
Casting: Slow (safe; 2% risk of failure)
Confirm with . or Enter, or press ? or * to list all spells.
Aiming: Slow (safe; 2% risk of failure)
Press: ? - help, Shift-Dir - straight line, f/p - orc
Aim: an orc, wielding a +0 war axe (chance to affect: 75%)
The orc struggles to resist.
The orc hits you with a +0 war axe!
You die...

#.#....#...##........
#.#....###.##........
#.#........##........
#.#......^..'....####
#.#.......###....#
#.#.......###....#
#.##......#......#
#.........#o#....#########
###.....†.@.#o...#.......##
##..<......###....#.........
#..#.......# #....#.........
#.##.......# #....#.........
#..........###...o#...†.o.o.
#####......##...)...o####...
#########........# ..
#........# . #.....(..#


You could see an orc.

Vanquished Creatures
  Jessica (D:2)
  Robin (D:2)
  5 adders
  A worm (D:2)
  An orc (D:2)
  6 endoplasms
  A giant cockroach (D:3)
  5 hobgoblins
  2 quokkas
  5 ball pythons
  5 bats
  3 frilled lizards (D:1)
  10 goblins
  5 kobolds
  6 rats
57 creatures vanquished.

Notes
Turn   | Place    | Note
-------+----------+-------------------------------------------
     0 | D:1      | shoop the Deep Elf Arcane Marksman began the quest for the
                  | Orb.
     0 | D:1      | Reached XP level 1. HP: 11/11 MP: 5/5
   226 | D:1      | Reached skill level 1 in Fighting
   246 | D:1      | Reached XP level 2. HP: 16/16 MP: 6/6
   302 | D:1      | Reached skill level 1 in Stealth
   903 | D:2      | Found a faded altar of an unknown god.
   995 | D:2      | Reached XP level 3. HP: 17/20 MP: 8/8
   999 | D:2      | Learned a level 3 spell: Inner Flame
  1146 | D:2      | HP: 1/20 [adder (2)]
  1149 | D:2      | Reached skill level 1 in Fire Magic
  1475 | D:2      | Noticed Jessica
  1479 | D:2      | Killed Jessica
  1480 | D:2      | Reached XP level 4. HP: 25/25 MP: 9/9
  1486 | D:2      | Noticed Robin
  1648 | D:2      | Found a runed translucent door.
  1649 | D:2      | Noticed Crazy Yiuf
  2176 | D:2      | Killed Robin
  2446 | D:3      | Reached XP level 5. HP: 29/29 MP: 8/10
  2480 | D:3      | Slain by an orc

Illustrated notes

Levels and vault maps discovered:
D:1:      saegor_arrival_simple_a, layout_loops_cross, serial_forest,
          infiniplex_forest_corner_1, infiniplex_forest_end_3,
          infiniplex_forest_zigzag_1, infiniplex_forest_corner_2,
          infiniplex_forest_clump_medium, infiniplex_forest_zigzag_2,
          infiniplex_forest_straight_5, minmay_indecisive_spiral
D:2:      layout_loops_cross, hellmonk_ecumenical_altar_blasted, uniq_jessica,
          uniq_robin, uniq_crazy_yiuf_cottage
D:3:      layout_basic, gammafunk_temple_overflow_forgotten

Skill      XL: |  1  2  3  4 |
---------------+-------------+-----
Fighting       | 1 |  1.0
Bows           | 3 4 |  4.4
Stealth        | 1 2 3 |  3.0
Spellcasting   | 2 |  2.1
Dodging        | 3 |  3.0
Fire Magic     | 1 2 |  2.0
Hexes          | |  4.3

Action                   |  1- 3 |  4- 6 || total
-------------------------+-------+-------++-------
 Fire: Shortbow          |    99 |    63 ||   162
 Cast: Slow              |     5 |     7 ||    12
       Inner Flame       |       |     1 ||     1
  Use: Potion            |     1 |       ||     1
Armor: Robe              |     4 |     5 ||     9
Dodge: Dodged            |    22 |    11 ||    33

Table legend: (Time is in decaauts)
 A = Elapsed time spent in this place.
 B = Non-inter-level travel time spent in this place.
 C = Inter-level travel time spent in this place.
 D = Time resting spent in this place.
 E = Time spent auto-exploring this place.
 F = Levels seen in this place.
 G = Mean time per level.
                   A        B        C        D        E       F      G
               +--------+--------+--------+--------+--------+-----+--------+
         Total |   2531 |   2435 |     96 |    133 |   1833 |   3 |  843.7 |
       Dungeon |   2531 |   2435 |     96 |    133 |   1833 |   3 |  843.7 |
               +--------+--------+--------+--------+--------+-----+--------+

Top non-repeatable levels by time:
     D:2: 1394 daAuts
     D:1: 905 daAuts
     D:3: 230 daAuts
